 Dungeon Crawl Stone Soup version 0.24.0-13-gcf9b3192b9 (webtiles) character file.

Game seed: 17334015229260995929, levelgen mode: deterministic

8487 Esekla the Slicer (level 11, 0/85 HPs)
             Began as a Formicid Assassin on Nov 8, 2019.
             Was an Initiate of Gozag.
             Slain by a two-headed ogre
             ... wielding a +0 giant club
              (8 damage)
             ... on level 15 of the Dungeon.
             The game lasted 02:00:44 (12745 turns).

Esekla the Slicer (Formicid Assassin)              Turns: 12745, Time: 02:00:45

Health: 0/85       AC:  7    Str: 18    XL:     11   Next: 56%
Magic:  0/19       EV: 14    Int: 16    God:    Gozag
Gold:   1131       SH:  0    Dex: 12    Spells: 9/21 levels left

rFire    + . .     SeeInvis +   a - +3 dagger
rCold    x . .     Gourm    .   (no shield)
rNeg     . . .     Faith    .   M - +0 leather armour (curse)
rPois    +         Spirit   +   (helmet unavailable)
rElec    +         Reflect  .   c - +0 cloak
rCorr    .         Harm     .   p - +0 pair of gloves
MR       +....                  h - +1 pair of boots of the Quahog {rElec Int+4}
Stlth    +.........             k - amulet of guardian spirit
HPRegen  0.24/turn              y - ring of poison resistance
MPRegen  0.16/turn              b - ring of fire

@: confused
A: permanent stasis, dig shafts and tunnels, four strong arms, antennae 3
a: Dig, Shaft Self, Potion Petition, Call Merchant, Bribe Branch, Renounce
Religion


You were on level 15 of the Dungeon.
You worshipped Gozag.
Gozag was most pleased with you.
You were not hungry.

You visited 3 branches of the dungeon, and saw 17 of its levels.
You also visited: Sewer.

You collected 1799 gold pieces.
You paid 668 gold pieces to Gozag.

Inventory:

Hand Weapons
 a - a +3 dagger (weapon)
 K - a +0 halberd
 L - a +0 falchion
Missiles
 d - 28 poisoned darts (quivered)
 e - a curare-tipped dart
Armour
 c - a +0 cloak (worn)
 h - the +1 pair of boots of the Quahog (worn) {rElec Int+4}
   (You found it on level 4 of the Dungeon)

   It affects your intelligence (+4).
   It insulates you from electricity.
 p - a +0 pair of gloves (worn)
 M - a cursed +0 leather armour (worn)
Jewellery
 b - a ring of fire (right hand)
 k - an amulet of guardian spirit (around neck)
 y - a ring of poison resistance (left hand)
 A - an uncursed ring of positive energy
 N - an uncursed ring of protection from cold
Wands
 u - a wand of iceblast (9)
 z - a wand of paralysis (11)
 I - a wand of acid (8)
Scrolls
 i - a scroll of fear
 j - 2 scrolls of immolation
 n - 6 scrolls of remove curse
 v - a scroll of silence {unknown}
 w - 2 scrolls of fog
 C - 2 scrolls of enchant weapon
 F - 2 scrolls of amnesia
 G - a scroll of random uselessness {unknown}
 J - a scroll of enchant armour {unknown}
Potions
 g - a potion of flight
 l - 2 potions of berserk rage {unknown}
 m - a potion of curing
 o - 3 potions of magic
 q - a potion of degeneration {unknown}
 r - 2 potions of resistance {unknown}
 s - 2 potions of lignification {unknown}
 t - 2 potions of invisibility {unknown}
 x - a potion of mutation {unknown}
 D - a potion of might
 E - 2 potions of brilliance
Comestibles
 f - 6 rations


   Skills:
 + Level 7.7 Fighting
 + Level 8.5 Short Blades
 - Level 2.0 Throwing
 + Level 3.3 Armour
 + Level 6.1 Dodging
 - Level 4.8 Stealth
 * Level 5.6 Spellcasting
 * Level 5.2 Conjurations
 * Level 4.3 Air Magic
 * Level 7.2 Poison Magic
 + Level 1.2 Evocations


You had 9 spell levels left.
You knew the following spells:

 Your Spells              Type           Power        Failure   Level  Hunger
c - Mephitic Cloud        Conj/Pois/Air  ###.....     5%          3    ##.....
g - Regeneration          Chrm/Necr      #.........   45%         3    ##.....
v - Poisonous Vapours     Pois/Air       ###...       2%          2    #......
x - Olgreb's Toxic Radia  Pois           ####....     9%          4    ####...

Your spell library contained the following spells:

 Spells                   Type           Power        Failure   Level  Hunger
 Sting                    Conj/Pois      ###.         1%          1    None
 Animate Skeleton         Necr           N/A          17%         1    None
 Pain                     Necr           #...         17%         1    None
 Venom Bolt               Conj/Pois      ###.......   36%         5    ######.
 Vampiric Draining        Necr           #.........   45%         3    ##.....
 Animate Dead             Necr           N/A          86%         4    ####...


Dungeon Overview and Level Annotations

Branches:
Dungeon (15/15)            Temple (1/1) D:4            Lair (1/6) D:8
  Sewer (visited)
    Orc: D:9-12      Vaults: D:13-14     Depths: D:15

Altars:
Cheibriados
Fedhas
Gozag
Hepliaklqana
Makhleb
Sif Muna
Zin
The Shining One
Jiyva

Shops:
D:5 *   D:13 (

Annotations:
D:8 2 transporters, murderhobo's ghost, novice DEWn
D:9 Erica


Innate Abilities, Weirdness & Mutations

You cannot be hasted, slowed, berserked, paralysed or teleported.
You can dig through walls and to a lower floor.
Your four strong arms can wield two-handed weapons with a shield.
You have a pair of large antennae on your head. (SInv)


Message History

Aim: a two-headed ogre, wielding two +0 giant clubs (lightly wounded)
The ball explodes into a vile cloud!
The stinking cloud engulfs the two-headed ogre but does no damage.
The two-headed ogre is lightly wounded.
The stinking cloud engulfs you but does no damage.
You feel better.
The two-headed ogre is engulfed in noxious fumes.
The two-headed ogre appears confused.
The two-headed ogre hits the two-headed ogre with a +0 giant club!
The two-headed ogre hits the two-headed ogre with a +0 giant club!!
The two-headed ogre is engulfed in noxious fumes.
The two-headed ogre appears confused.
You are confused.
You feel invigorated.
The two-headed ogre is engulfed in noxious fumes.
The two-headed ogre hits you with a +0 giant club!
* * * LOW HITPOINT WARNING * * *
The two-headed ogre hits you with a +0 giant club!
You die...
Your body crumbles into a pile of gold.

###############
#.......OO.○O°#
.....###########@#
.OO. #.# .#. #.#
{# ... ≈≈≈ ≈≈≈≈≈
≈≈≈≈≈ ≈≈≈≈≈≈≈


You could see 3 two-headed ogres.

Vanquished Creatures
  Nergalle (D:11)
  6 ugly things
  2 centaur zombies
  A cyclops (D:14)
  4 trolls
  A hippogriff (D:7)
  A wraith (D:14)
  A wyvern (D:8)
  A steam dragon (D:13)
  Edmund (D:6)
  2 water moccasins
  A black bear (D:6)
  2 orc warriors (D:8)
  An ice beast (D:6)
  5 boggarts (D:14)
  A phantom (D:5)
  4 ogres
  A centaur (D:5)
  Blork the orc (D:4)
  8 bullfrogs
  2 scorpions
  2 killer bees (D:8)
  3 howler monkeys (D:10)
  4 crimson imps
  2 quasits
  5 orc wizards
  3 hounds
  A gnoll shaman (D:7)
  4 worker ants
  A bullfrog skeleton (D:4)
  An iguana (D:5)
  A hound zombie (D:6)
  A hound skeleton (D:4)
  A worker ant zombie (D:8)
  7 gnolls
  3 river rats (Sewer)
  13 adders
  2 shadow imps
  An adder zombie (D:7)
  3 adder skeletons
  2 worms
  5 dart slugs
  6 leopard geckos
  20 orcs
  3 giant cockroaches
  2 goblins
  6 hobgoblins
  4 quokkas
  11 ball pythons
  8 bats
  8 frilled lizards
  7 kobolds
  A leopard gecko zombie (D:6)
  A quokka skeleton (D:5)
  27 rats
  A plant (D:1)
217 creatures vanquished.

Notes
Turn   | Place    | Note
-------+----------+-------------------------------------------
     0 | D:1      | Esekla the Formicid Assassin began the quest for the Orb.
     0 | D:1      | Reached XP level 1. HP: 16/16 MP: 1/1
   105 | D:1      | Reached XP level 2. HP: 12/23 MP: 2/2
   492 | D:2      | Reached skill level 1 in Dodging
   580 | D:2      | Noticed an ogre
   616 | D:3      | Reached XP level 3. HP: 26/29 MP: 1/3
   759 | D:4      | Reached skill level 3 in Short Blades
   759 | D:4      | Reached XP level 4. HP: 35/35 MP: 4/4
  1683 | D:2      | Reached XP level 5. HP: 42/42 MP: 5/5
  1806 | D:1      | You fall into a shaft and drop 1 floor!
  1817 | D:2      | Found a snail-covered altar of Cheibriados.
  1873 | D:2      | Found a shimmering blue altar of Sif Muna.
  1873 | D:2      | Found a glowing golden altar of the Shining One.
  1878 | D:2      | Found a faded altar of an unknown god.
  1880 | D:2      | Found a glowing silver altar of Zin.
  1881 | D:2      | Found an opulent altar of Gozag.
  1896 | D:2      | Became a worshipper of Gozag Ym Sagoz the Greedy
  1968 | D:2      | Killed an ogre
  1968 | D:2      | Reached skill level 4 in Short Blades
  2306 | D:1      | Reached XP level 6. HP: 48/48 MP: 6/6
  2381 | D:1      | You fall into a shaft and drop 1 floor!
  3095 | D:4      | Got a pair of transparent boots
  3188 | D:3      | Identified the +1 pair of boots of the Quahog {rElec Int+4}
                  | (You found it on level 4 of the Dungeon)
  3297 | D:4      | Found a staircase to the Ecumenical Temple.
  3305 | D:4      | Noticed an ogre
  3370 | D:4      | Found an opulent altar of Gozag.
  3554 | D:4      | Noticed Blork the orc
  3568 | D:4      | Killed Blork the orc
  3568 | D:4      | Reached skill level 5 in Short Blades
  3568 | D:4      | Reached XP level 7. HP: 35/55 MP: 3/7
  3717 | D:4      | Reached skill level 5 in Fighting
  4044 | D:5      | Entered Level 5 of the Dungeon
  4193 | D:5      | Found Giut's Lightly-Used Armoury.
  4362 | D:5      | Found a glowing drain.
  4404 | Sewer    | Entered a sewer
  5365 | Sewer    | Reached XP level 8. HP: 26/64 MP: 3/8
  5809 | D:5      | Reached skill level 6 in Short Blades
  6544 | D:6      | Learned a level 2 spell: Poisonous Vapours
  6548 | D:6      | Learned a level 3 spell: Mephitic Cloud
  6739 | D:6      | Noticed Edmund
  6771 | D:5      | You fall into a shaft and drop 3 floors!
  6834 | D:8      | Reached skill level 1 in Poison Magic
  6913 | D:8      | Noticed a wyvern
  6932 | D:8      | Reached skill level 1 in Spellcasting
  6935 | D:8      | Killed a wyvern
  6935 | D:8      | Reached skill level 1 in Conjurations
  6935 | D:8      | Reached skill level 1 in Air Magic
  6935 | D:8      | Reached XP level 9. HP: 60/71 MP: 7/11
  7033 | D:9      | Noticed Erica
  7134 | D:8      | Found a staircase to the Lair.
  7153 | Lair:1   | Entered Level 1 of the Lair of Beasts
  7197 | Lair:1   | Noticed a hippogriff
  7218 | D:8      | Reached skill level 5 in Dodging
  7641 | D:8      | Found a transporter.
  7645 | D:8      | Found a transporter.
  7646 | D:8      | Noticed murderhobo's ghost (novice DEWn)
  7661 | D:8      | Noticed a hornet
  7666 | D:8      | Noticed a queen bee
  8027 | D:6      | Killed Edmund
  8027 | D:6      | Reached skill level 7 in Short Blades
  8914 | D:7      | Noticed a hippogriff
  8925 | D:7      | Killed a hippogriff
  9632 | Temple   | Entered the Ecumenical Temple
  9757 | D:8      | Reached XP level 10. HP: 79/79 MP: 14/14
 10108 | D:9      | Found a viscous altar of Jiyva.
 10373 | D:8      | You fall into a shaft and drop 2 floors!
 10373 | D:10     | Entered Level 10 of the Dungeon
 10436 | D:10     | Noticed a gargoyle
 10458 | D:11     | Noticed Nergalle
 10470 | D:11     | Noticed a manticore
 10471 | D:11     | Killed Nergalle
 10471 | D:11     | Reached skill level 5 in Poison Magic
 10481 | D:10     | You fall into a shaft and drop 3 floors!
 10727 | D:13     | Noticed a deep elf mage
 10736 | D:13     | Learned a level 3 spell: Regeneration
 10741 | D:13     | Learned a level 4 spell: Olgreb's Toxic Radiance
 10751 | D:14     | Noticed a cyclops
 10778 | D:13     | You fall into a shaft and drop 2 floors!
 10778 | D:15     | Entered Level 15 of the Dungeon
 10779 | D:15     | Noticed a red ugly thing
 10806 | D:14     | Noticed a cyan ugly thing
 10825 | D:14     | Noticed a cyclops
 11054 | D:12     | Reached skill level 8 in Short Blades
 11212 | D:12     | Noticed a white ugly thing
 11216 | D:12     | Noticed a gargoyle
 11285 | D:12     | Noticed an eight-headed hydra
 11289 | D:12     | Noticed a freezing wraith
 11502 | D:13     | Noticed a two-headed ogre
 11609 | D:13     | Noticed a vault guard
 11645 | D:13     | You fall into a shaft and drop 2 floors!
 11923 | D:15     | Noticed a red ugly thing
 11995 | D:15     | Noticed a cyclops
 11995 | D:15     | Noticed a cyclops
 12236 | D:14     | Noticed a cyan ugly thing
 12236 | D:14     | Noticed a cyan ugly thing
 12236 | D:14     | Noticed a cyan ugly thing
 12243 | D:14     | Noticed a cyan ugly thing
 12292 | D:14     | Killed a cyan ugly thing
 12292 | D:14     | Reached skill level 1 in Armour
 12292 | D:14     | Reached XP level 11. HP: 31/84 MP: 0/18
 12296 | D:14     | Killed a purple ugly thing
 12296 | D:14     | Reached skill level 5 in Spellcasting
 12297 | D:14     | Killed a purple ugly thing
 12333 | D:14     | Killed a red ugly thing
 12346 | D:14     | Killed a cyan ugly thing
 12372 | D:14     | Reached skill level 1 in Evocations
 12498 | D:14     | Reached skill level 5 in Conjurations
 12671 | D:14     | Killed a cyclops
 12697 | D:13     | Noticed a red ugly thing
 12704 | D:13     | Noticed a vault guard
 12712 | D:13     | Killed a red ugly thing
 12730 | D:12     | You fall into a shaft and drop 3 floors!
 12730 | D:15     | Noticed an ogre mage
 12730 | D:15     | Noticed a two-headed ogre
 12730 | D:15     | Noticed a two-headed ogre
 12730 | D:15     | Noticed a two-headed ogre
 12731 | D:15     | Noticed a two-headed ogre
 12742 | D:15     | HP: 3/85 [two-headed ogre/+0 giant club (7)]
 12745 | D:15     | Slain by a two-headed ogre

Levels and vault maps discovered:
D:1:      kilobyte_arrival_exit_the_forest, layout_loops_cross,
          chequers_serial_rivers_room_b
D:2:      layout_rooms, chequers_temple_overflow_minitemple, eino_curves_02,
          kennysheep_slug_shrine
D:3:      layout_basic
D:4:      layout_basic, minmay_temple_entry_large_hall,
          nicolae_gozag_cash_rules_everything_around_me, uniq_blork_the_orc
D:5:      layout_basic, portal_sewer_entry_d, first_ration, minmay_shop_damaged
D:6:      layout_basic, uniq_edmund
D:7:      layout_loops_ring
D:8:      layout_basic, lair_entry_dummy, gammafunk_ghost_hive, david_nohive_1,
          kennysheep_decorative_pillar, st_stairs_14
D:9:      layout_cave_pods, jiyva_altar_1, uniq_erica
D:10:     layout_basic, uniq_psyche
D:11:     layout_loops_ring, david_orc_2, gauntlet_entry_generic, uniq_nergalle,
          uniq_fannar
D:12:     layout_irregular_city, minmay_diced_spiral, uniq_rupert
D:13:     layout_loops_cross, lightli_vaults_fourway_checkpoint,
          minmay_increasing_density
D:14:     layout_cave_pools, lemuel_crystal_altar, enter_bailey_3
D:15:     gammafunk_depths_entry_grave, layout_cave_pools, serial_shops,
          nicolae_shop_statue_plus, fountainhead, tgw_fedhas
Temple:   hc_temple_tempest_star
Lair:1:   layout_chaotic_city, chequers_serial_rivers_marsh, pond,
          serial_bayou_shore_b

Skill      XL: |  1  2  3  4  5  6  7  8  9 10 11 |
---------------+----------------------------------+-----
Fighting       | 3 4 5 6 7 |  7.7
Dodging        | 1 2 3 4 5 6 |  6.1
Short Blades   | 3 4 5 6 7 8 |  8.5
Poison Magic   | 1 3 6 7 |  7.2
Spellcasting   | 1 3 4 5 |  5.6
Conjurations   | 1 2 4 5 |  5.2
Air Magic      | 1 2 3 4 |  4.3
Armour         | 1 3 |  3.3
Evocations     | 1 |  1.2
Throwing       | |  2.0
Stealth        | |  4.8

Action                   |  1- 3 |  4- 6 |  7- 9 | 10-12 || total
-------------------------+-------+-------+-------+-------++-------
Melee: Dagger            |    57 |   193 |   566 |   321 ||  1137
Throw: Dart              |    13 |    27 |    70 |     8 ||   118
       Boomerang         |       |       |    42 |       ||    42
 Cast: Poisonous Vapours |       |       |     6 |    20 ||    26
       Mephitic Cloud    |       |       |     1 |    19 ||    20
Invok: Potion Petition   |       |       |     1 |       ||     1
       Call Merchant     |       |       |       |     1 ||     1
 Abil: Shaft Self        |       |       |       |     4 ||     4
Evoke: Wand              |       |       |       |     3 ||     3
  Use: Scroll            |       |     4 |    10 |     7 ||    21
       Potion            |       |     1 |     1 |    15 ||    17
 Stab: Sleeping          |     5 |    15 |    15 |     3 ||    38
       Confused          |       |       |     2 |    14 ||    16
       Distracted        |       |       |     1 |     1 ||     2
  Eat: Ration            |       |     3 |     6 |     4 ||    13
Armor: Robe              |    13 |    13 |   107 |    19 ||   152
       Leather armour    |       |       |       |    25 ||    25
Dodge: Dodged            |    21 |    49 |   297 |   149 ||   516
